 Dungeon Crawl Stone Soup version 0.23.2-11-gf996548c65 (webtiles) character file.

Game seed: 12497382864065377074

415 MalarOregon the Chiller (level 6, -1/51 HPs)
             Began as a Ghoul Ice Elementalist on June 5, 2019.
             Slain by an orc
             ... wielding a +0 club
              (2 damage)
             ... on level 4 of the Dungeon.
             The game lasted 00:18:01 (6962 turns).

MalarOregon the Chiller (Ghoul Ice Elementalist)    Turns: 6962, Time: 00:18:02

Health: -1/51      AC:  3    Str: 12    XL:     6   Next: 91%
Magic:  2/8        EV: 12    Int: 11    God:
Gold:   209        SH:  0    Dex: 10    Spells: 3/9 levels left

rFire    + . .     SeeInvis .     - Unarmed
rCold    + . .     Gourm    .   (no shield)
rNeg     + + +     Faith    .   a - +0 robe
rPois    ∞         Spirit   .   m - +0 helmet
rElec    .         Reflect  .   (no cloak)
rCorr    .         Harm     .   (no gloves)
MR       .....                  (no boots)
Stlth    ++........             (no amulet)
HPRegen  0.00/turn              i - ring of protection from fire
MPRegen  0.11/turn              (no ring)

@: very slightly contaminated, rotting
A: rotting body, claws 1, carnivore, cold resistance 1, negative energy
resistance 3, inhibited regeneration, torment resistance, unbreathing
a: no special abilities


You were on level 4 of the Dungeon.
You were not hungry.

You visited 1 branch of the dungeon, and saw 5 of its levels.

You collected 209 gold pieces.

Inventory:

Missiles
 f - 2 throwing nets (quivered) {!f}
 o - 2 needles of sleeping
Armour
 a - a +0 robe (worn)
 m - a +0 helmet (worn)
   (You found it on level 3 of the Dungeon)
Jewellery
 i - a ring of protection from fire (left claw)
   (You found it on level 5 of the Dungeon)
Wands
 d - a wand of iceblast (28)
   (You found it on level 3 of the Dungeon)
 j - a wand of clouds (6)
   (You found it on level 3 of the Dungeon)
 l - a wand of polymorph (8)
   (You found it on level 4 of the Dungeon)
 u - a wand of paralysis (6)
   (You found it on level 4 of the Dungeon)
Scrolls
 k - 3 scrolls of remove curse {@r2}
Potions
 b - 5 potions of curing {@q1}
 c - a potion of degeneration {unknown}
 n - 3 potions of invisibility {unknown}
 q - a potion of haste {unknown}
 s - a potion of magic {unknown}
 v - a potion of brilliance {unknown}
 w - a potion of lignification {unknown}
Comestibles
 e - 5 rations {!d}


   Skills:
 * Level 3.5 Fighting
 - Level 1.7 Dodging
 + Level 3.6 Stealth
 * Level 3.8 Unarmed Combat
 - Level 2.0 Spellcasting
 - Level 0.7 Conjurations
 * Level 5.2 Ice Magic


You had 3 spell levels left.
You knew the following spells:

 Your Spells              Type           Power        Failure   Level  Hunger
a - Freeze                Ice            ##..         3%          1    ##.....
b - Ozocubu's Armour      Chrm/Ice       #.......     30%         3    ####...
x - Throw Frost           Conj/Ice       #.....       13%         2    ###....

Your spell library contained the following spells:

 Spells                   Type           Power        Failure   Level  Hunger
 Throw Icicle             Conj/Ice       #.......     65%         4    #####..
 Summon Ice Beast         Ice/Summ       #.......     69%         4    #####..
 Leda's Liquefaction      Hex/Erth       #.........   96%         4    #####..
 Bolt of Magma            Conj/Fire/Erth #.........   100%        5    ######.
 Iron Shot                Conj/Erth      #.........   100%        6    #######
 Shatter                  Erth           #.........   100%        9    #######
 Statue Form              Tmut/Erth      Unusable     N/A         6    N/A

Dungeon Overview and Level Annotations

Branches:
Dungeon (5/15)
 Temple: D:4-7

Altars:
Dithmenos
Nemelex Xobeh
Ru
Sif Muna
Vehumet
Xom
Zin

Annotations:
D:4 3 runed translucent doors, Curus's ghost, novice GrGl
D:5 Menkaure


Innate Abilities, Weirdness & Mutations

Your body is rotting away.
You thrive on raw meat.
You are immune to poison.
You have sharp fingernails.
You are carnivorous and can eat meat at any time.
Your flesh is cold resistant. (rC+)
You are immune to negative energy. (rN+++)
You do not regenerate when monsters are visible.
You are immune to unholy pain and torment.
You can survive without breathing.


Message History

There isn't anything to butcher here.
There is a stone staircase leading down here.
You start resting.
Eating one of 2 chunks of flesh.
You eat one of the 2 chunks of flesh.
You feel more resilient.
This raw flesh tastes great!
Eating a chunk of flesh.
You eat the chunk of flesh.
You feel more resilient.
This raw flesh tastes great!
You start resting.
You climb downwards.
Level annotation: Menkaure A hound comes into view.
The orc hits you with a +0 club. The orc barely misses you.
The centaur shoots an arrow.
The arrow hits you! The orc hits you but does no damage.
The orc hits you with a +0 club.
The hound moves out of view.
There is a stone staircase leading up here.
You see here 2 arrows.
The centaur unwields a +0 shortbow.
The centaur hits you. The orc hits you with a +0 club.
* * * LOW HITPOINT WARNING * * *
The orc barely misses you.
You climb upwards.
Level annotation: 3 runed translucent doors, Curus's ghost, novice GrGl
There is a stone staircase leading down here.
Unknown command.
You miscast Ozocubu's Armour.
You are very lightly contaminated with residual magic.
You hear a crackling sound.
The centaur closely misses you. The orc closely misses you.
You miscast Ozocubu's Armour.
Your skin glows momentarily.
The centaur closely misses you. The orc barely misses you.
The centaur hits you!
* * * LOW HITPOINT WARNING * * *
You don't have enough magic to cast that spell.
Here: an orc, wielding a +0 club The floor.
You scratch the orc. The orc hits you but does no damage.
The centaur misses you. The orc barely misses you.
You closely miss the orc. The centaur hits you.
* * * LOW HITPOINT WARNING * * *
The orc barely misses you. The orc closely misses you. The centaur hits you!
* * * LOW HITPOINT WARNING * * *
Okay, then.
You feel better. The centaur closely misses you.
The orc hits you but does no damage. The orc hits you with a +0 club.
* * * LOW HITPOINT WARNING * * *
You scratch the orc. The centaur misses you. The orc hits you with a +0 club.
* * * LOW HITPOINT WARNING * * *
The orc hits you with a +0 club.
You die...

##..##...##..##.##.#....##..#
#........#.......'.##..##8..8
#........#.......#..#..'.....
######'#########'##'#####..#..##.
....##..##.####..##.##.##..######
..>..............#.....#....#....
.................#.....#....#....
...............<[#....##)####'###
.##'####+######o@######..........
.##.###..######oc##..##..........
......................#####..##..
......................#...#######
......................#.........+
.##..##..##..##########..##....##
###########..##########..##....##
#.....#...#...........##
#.....#...#..........)##


You could see a centaur and 2 orcs.

Vanquished Creatures
  A sky beast (D:5)
  A hound (D:4)
  2 orc priests
  A centaur skeleton (D:4)
  An orc wizard (D:3)
  A worker ant (D:4)
  5 adders
  An ooze (D:2)
  3 dart slugs
  5 leopard geckos
  12 orcs
  2 ball pythons (D:1)
  7 bats
  5 giant cockroaches
  9 hobgoblins
  9 jackals
  4 frilled lizards (D:1)
  5 goblins
  8 kobolds
  3 rats
  2 bushes (D:2)
87 creatures vanquished.

Vanquished Creatures (others)
  3 fungi (D:4)
  A plant (D:4)
4 creatures vanquished.

Grand Total: 91 creatures vanquished

Notes
Turn   | Place    | Note
-------+----------+-------------------------------------------
     0 | D:1      | MalarOregon the Ghoul Ice Elementalist began the quest for
                  | the Orb.
     0 | D:1      | Reached XP level 1. HP: 14/14 MP: 2/2
   180 | D:1      | Reached XP level 2. HP: 17/22 MP: 0/3
   310 | D:1      | Learned a level 2 spell: Throw Frost
   366 | D:1      | Reached skill level 1 in Unarmed Combat
   658 | D:1      | Reached skill level 1 in Fighting
   876 | D:1      | Reached XP level 3. HP: 21/28 MP: 1/4
  1492 | D:2      | Learned a level 3 spell: Ozocubu's Armour
  1694 | D:2      | Reached skill level 4 in Ice Magic
  1694 | D:2      | Reached XP level 4. HP: 29/36 MP: 1/6
  2298 | D:2      | Found a sparkling altar of Nemelex Xobeh.
  2411 | D:2      | Found a sacrificial altar of Ru.
  2411 | D:2      | Found a deep blue altar of Sif Muna.
  3449 | D:3      | Found a glowing silver altar of Zin.
  3455 | D:3      | Found a shadowy altar of Dithmenos.
  3456 | D:3      | Found a shimmering altar of Xom.
  3458 | D:3      | Found a radiant altar of Vehumet.
  4602 | D:3      | Reached XP level 5. HP: 25/40 MP: 5/7
  4706 | D:4      | Found a runed translucent gate.
  4706 | D:4      | Found a runed translucent gate.
  4706 | D:4      | Found a runed translucent gate.
  4707 | D:4      | Identified the +5 short sword of Terra Cotta {venom, +Blink
                  | +Fly Dex-3}
  4707 | D:4      | Noticed a big kobold
  4708 | D:4      | Noticed Curus's ghost (novice GrGl)
  5252 | D:4      | Reached XP level 6. HP: 39/50 MP: 0/8
  5540 | D:4      | Found a shimmering altar of Xom.
  6036 | D:5      | Entered Level 5 of the Dungeon
  6112 | D:5      | Noticed a sky beast
  6200 | D:5      | Killed a sky beast
  6200 | D:5      | Reached skill level 5 in Ice Magic
  6548 | D:5      | Noticed Menkaure
  6960 | D:4      | HP: 2/51 [centaur (9)]
  6962 | D:4      | Slain by an orc

Skill      XL: |  1  2  3  4  5  6 |
---------------+-------------------+-----
Unarmed Combat | 1 2 3 |  3.8
Fighting       | 1 2 3 |  3.5
Spellcasting   | 2 |  2.0
Ice Magic      | 4 5 |  5.2
Stealth        | 3 |  3.6
Dodging        | |  1.7
Conjurations   | |  0.7

Action                   |  1- 3 |  4- 6 || total
-------------------------+-------+-------++-------
Melee: Unarmed           |   118 |   475 ||   593
       Punch             |       |     6 ||     6
 Cast: Freeze            |     8 |    34 ||    42
       Throw Frost       |    21 |    59 ||    80
       Ozocubu's Armour  |       |     3 ||     3
  Use: Scroll            |       |    10 ||    10
       Potion            |       |     1 ||     1
  Eat: Chunk             |     5 |    24 ||    29
       Ration            |       |     2 ||     2
Armor: Robe              |    30 |    22 ||    52
Dodge: Dodged            |    96 |    98 ||   194
